 Dungeon Crawl Stone Soup version 0.29.1-15-g9cfb28693d (webtiles) character file.

Game seed: 6519443443200224718

158 H0rd4k the Charlatan (level 5, -3/39 HPs)
             Began as a Human Artificer on Apr 13, 2023.
             Slain by a gnoll
             ... wielding a +0 flail
              (12 damage)
             ... on level 3 of the Dungeon.
             The game lasted 00:03:21 (5220 turns).

H0rd4k the Charlatan (Human Artificer)              Turns: 5220, Time: 00:03:22

Health: -3/39      AC:  3    Str: 13    XL:     5   Next: 67%
Magic:  5/5        EV: 11    Int: 19    God:
Gold:   259        SH:  0    Dex: 13    Spells: 4/4 levels left

rFire   . . .      SeeInvis .   t - +1 dagger (venom)
rCold   . . .      Faith    .   (no shield)
rNeg    . . .      Spirit   .   b - +0 leather armour
rPois   .          Reflect  .   (no helmet)
rElec   .          Harm     +   h - scarf {harm}
rCorr   .          Rampage  .   (no gloves)
Will    .....                   (no boots)
Stlth   ++........              (no amulet)
HPRegen 0.13/turn               f - +6 ring of intelligence
MPRegen 0.09/turn               (no ring)

@: no status effects
A: no striking features
a: no special abilities


You were on level 3 of the Dungeon.
You visited 1 branch of the dungeon, and saw 3 of its levels.

You collected 259 gold pieces.

Inventory:

Hand Weapons
 i - a +0 flail
 t - a +1 dagger of venom (weapon)
Missiles
 g - 8 poisoned darts
Armour
 b - a +0 leather armour (worn)
 h - a scarf of harm (worn)
Jewellery
 f - a +6 ring of intelligence (left hand)
Wands
 c - a wand of flame (4) (quivered)
 d - a wand of charming (15)
 e - a wand of iceblast (5)
Scrolls
 a - 4 scrolls of identify {unknown}
 j - a scroll of teleportation {unknown}
 m - a scroll of amnesia {unknown}
 n - a scroll of fear {unknown}
 o - a scroll of vulnerability {unknown}
 p - a scroll of poison {unknown}
 r - a scroll of brand weapon {unknown}
 s - a scroll of noise {unknown}
Potions
 k - a potion of magic {unknown}
 l - a potion of berserk rage {unknown}
 q - a potion of heal wounds {unknown}


   Skills:
 + Level 2.7 Fighting
 - Level 2.1 Maces & Flails
 - Level 2.5 Armour
 + Level 1.8 Dodging
 + Level 1.8 Stealth
 + Level 3.6 Evocations


You had 4 spell levels left.
You didn't know any spells.
Your spell library contained the following spells:

 Spells                   Type           Power      Damage    Failure   Level
 Beastly Appendage        Tmut           0%         N/A       26%         1
 Wereblood                Tmut           0%         N/A       36%         2
 Spider Form              Tmut/Pois      0%         N/A       61%         3
 Dispersal                Tloc           0%         N/A       100%        6
 Disjunction              Tloc           0%         N/A       100%        8


Dungeon Overview and Level Annotations

Branches:
Dungeon (3/15)

Altars:

Annotations:
D:3 3 runed translucent doors, LaMa's ghost, amateur MfGl


Message History

t - a +1 dagger of venom (weapon)
Unknown command.
Found a stone staircase leading up.
You now have 259 gold pieces (gained 10).
A bat comes into view.
A bat is nearby!
The bat hits you.
You hit the bat but do no damage.
The bat is poisoned.
The bat hits you but does no damage. The bat closely misses you.
You kill the bat!
No target in view!
No target in view!
A gnoll comes into view. It is wielding a +0 flail.
The gnoll shouts!
A gnoll is nearby!
A gnoll is nearby!
A gnoll comes into view.
It is wielding the +6 rapier of Debt {venom, rN+ Str+6}.
There are monsters nearby!
You barely miss the gnoll.
The gnoll shouts!
You punch the gnoll.
The gnoll is moderately wounded.
The gnoll hits you with a +0 flail!
You barely miss the gnoll.
The gnoll is moderately wounded.
The gnoll hits you with a +0 flail!
You are too injured to fight recklessly!
You are too injured to fight recklessly!
You barely miss the gnoll.
The gnoll is moderately wounded.
The gnoll hits you with a +0 flail.
* * * LOW HITPOINT WARNING * * *
Aiming: Throw Flame
Press: ? - help, Shift-Dir - straight line, f - gnoll
Aim: a gnoll, wielding a +0 flail (moderately wounded, 75% to hit)
The puff of flame hits the gnoll!
The gnoll is almost dead.
The gnoll hits you with a +0 flail!
You die...

### ..# # #.# ####.
#.# #####
...g..####.#######...#
#..g@.............#
#...####.#######<..#
### #...# ##.## #####
#.# ###### #.#
#...[#####.#
#.....##.#.#
#......'.#.#
#........'...#


You could see 2 gnolls.

Vanquished Creatures
  An orc priest (D:3)
  2 gnolls (D:1)
  3 adders
  A worm (D:2)
  2 dart slugs
  5 orcs (D:3)
  5 ball pythons
  9 endoplasms
  2 giant cockroaches
  4 hobgoblins
  13 kobolds
  A quokka (D:1)
  6 bats
  2 frilled lizards
  7 goblins
  7 rats
70 creatures vanquished.

Vanquished Creatures (others)
  10 toadstools
10 creatures vanquished.

Grand Total: 80 creatures vanquished

Notes
Turn   | Place    | Note
-------+----------+-------------------------------------------
     0 | D:1      | H0rd4k the Human Artificer began the quest for the Orb.
     0 | D:1      | Reached XP level 1. HP: 15/15 MP: 1/1
   250 | D:1      | Reached XP level 2. HP: 17/21 MP: 2/2
  1204 | D:1      | Reached XP level 3. HP: 23/26 MP: 3/3
  1209 | D:1      | HP: 1/26 [gnoll/+0 whip (1)]
  1214 | D:1      | Reached skill level 1 in Maces & Flails
  2201 | D:1      | Reached XP level 4. HP: 23/32 MP: 4/4
  4094 | D:3      | Reached XP level 5. HP: 6/38 MP: 5/5
  4403 | D:3      | Found a runed translucent gate.
  4404 | D:3      | Found a runed translucent gate.
  4405 | D:3      | Found a runed translucent gate.
  4422 | D:3      | Noticed LaMa's ghost (amateur MfGl)
  4514 | D:3      | Found a faded altar of an unknown god.
  5216 | D:3      | Identified the +6 rapier of Debt {venom, rN+ Str+6}
  5220 | D:3      | Slain by a gnoll

Illustrated notes

Levels and vault maps discovered:
D:1:      minmay_arrival_pointy, layout_loops_corners, minmay_misc_feat_hallway
D:2:      layout_basic, minmay_gold_behind_fungi
D:3:      cheibrodos_fertilizer, layout_loops_ring, biasface_ghost_orc_armoury,
          serial_shops, shop, hellmonk_ecumenical_altar_arch_garden,
          saegor_snake_ambush

Skill      XL: |  1  2  3  4  5 |
---------------+----------------+-----
Maces & Flails | 1 2 |  2.1
Fighting       | 2 |  2.7
Armour         | |  2.5
Dodging        | |  1.8
Stealth        | |  1.8
Evocations     | |  3.6

Action                   |  1- 3 |  4- 6 || total
-------------------------+-------+-------++-------
Melee: Club              |   107 |       ||   107
       Punch             |     2 |     1 ||     3
       Flail             |    11 |   157 ||   168
       Dagger            |       |     4 ||     4
Evoke: Wand              |     9 |     2 ||    11
 Stab: Sleeping          |     3 |     3 ||     6
Armor: Leather armour    |    30 |    59 ||    89
Dodge: Dodged            |    70 |   120 ||   190
